 Dungeon Crawl Stone Soup version 0.29-a0-96-g93358da72b (webtiles) character file.

Game seed: 8700046983518107634

126 siradein the Insei (level 5, -3/38 HPs)
             Began as a Merfolk Transmuter on Feb 11, 2022.
             Killed from afar by a white imp (10 damage)
             ... with a puff of frost
             ... on level 5 of the Dungeon.
             The game lasted 00:03:35 (3054 turns).

siradein the Insei (Merfolk Transmuter)             Turns: 3054, Time: 00:03:36

Health: -3/38      AC:  2    Str: 10    XL:     5   Next: 10%
Magic:  2/8        EV: 13    Int: 15    God:
Gold:   71         SH:  0    Dex: 14    Spells: 3/9 levels left

rFire   . . .      SeeInvis .   d - +0 short sword
rCold   . . .      Faith    .   (no shield)
rNeg    . . .      Spirit   .   a - +0 robe
rPois   .          Reflect  .   (no helmet)
rElec   .          Harm     .   (no cloak)
rCorr   .          Rampage  .   (no gloves)
Will    .....                   (no boots)
Stlth   +.........              (no amulet)
HPRegen 0.12/turn               (no ring)
MPRegen 0.11/turn               (no ring)

@: very slightly contaminated
A: (nimble swimmer 2), mertail
a: no special abilities


You were on level 5 of the Dungeon.
You visited 1 branch of the dungeon, and saw 4 of its levels.

You collected 71 gold pieces.

Inventory:

Hand Weapons
 d - a +0 short sword (weapon)
Armour
 a - a +0 robe (worn)
Scrolls
 c - a scroll of enchant weapon {unknown}
 f - 3 scrolls of identify {unknown}
 g - 2 scrolls of teleportation {unknown}
 h - a scroll of vulnerability {unknown}
 l - a scroll of blinking {unknown}
 m - a scroll of amnesia {unknown}
Potions
 b - a potion of degeneration {unknown}
 e - a potion of curing {unknown}
 i - 2 potions of might {unknown}
 j - 4 potions of brilliance {unknown}
 k - a potion of lignification {unknown}


   Skills:
 + Level 2.2 Fighting
 + Level 3.7 Dodging
 + Level 4.0 Unarmed Combat
 + Level 2.6 Spellcasting
 + Level 3.7 Transmutations
 + Level 1.4 Poison Magic


You had 3 spell levels left.
You knew the following spells:

 Your Spells              Type           Power      Damage    Failure   Level
a - Beastly Appendage     Tmut           26%        N/A       4%          1
b - Wereblood             Tmut           13%        N/A       7%          2
c - Spider Form           Tmut/Pois      9%         N/A       22%         3

Your spell library contained the following spells:

 Spells                   Type           Power      Damage    Failure   Level
 Ice Form                 Ice/Tmut       7%         N/A       67%         4


Dungeon Overview and Level Annotations

Branches:
Dungeon (3/15)

Altars:
Sif Muna


Innate Abilities, Weirdness & Mutations

((You are very nimble when in or above water. (Stealth+, EV+, Speed+++)))
Your lower body shifts to a powerful aquatic tail in water.


Message History

Your transformation is almost over.
Your horns disappear.
HP restored.
A white imp comes into view.
Found 10 gold pieces.
Casting: Beastly Appendage (safe; 4% risk of failure)
Confirm with . or Enter, or press ? or * to list all spells.
You grow a pair of large bovine horns.
Your transformation is almost over.
The white imp shouts, "Flee, thou mammering limp-willed serf!"
The white imp gestures at you. The puff of frost hits you!
An adder comes into view.
The adder hisses angrily.
You hit the white imp but do no damage. The white imp gestures at you.
The puff of frost hits you!
You are too injured to fight recklessly!
You are too injured to fight recklessly!
You are too injured to fight recklessly!
Casting: Beastly Appendage (safe; 4% risk of failure)
Confirm with . or Enter, or press ? or * to list all spells.
The spell is quite dangerous to miscast (22% risk of failure)!
Continue anyway?
You miscast Spider Form.
You are very lightly contaminated with residual magic.
Nothing appears to happen.
The white imp hits you but does no damage.
Casting: Spider Form (quite dangerous; 22% risk of failure)
Confirm with . or Enter, or press ? or * to list all spells.
The spell is quite dangerous to miscast (22% risk of failure)!
Continue anyway?
You miscast Spider Form.
Nothing appears to happen.
The white imp gestures at you. The puff of frost misses you.
The white imp gestures at you. The puff of frost hits you!
* * * LOW HITPOINT WARNING * * *
Your horns disappear.
The white imp gestures at you. The puff of frost hits you!
You die...

#######.........
###.###.#.###
#.....#.....#
#.......###.#
#.......# #.#
#.......###.#
#.....#.....#
#######.#.#.#
#@#.#.# #.#.#.##
###.#.#..#
#.5...##.#
#########.###.##.#
...$.S...S# #.##.#
.########.###.##.#
#.....##.#
##.#.....#


You could see a white imp.

Vanquished Creatures
  A bullfrog zombie (D:5)
  Jessica (D:3)
  An adder (D:3)
  2 worms (D:2)
  3 dart slugs
  4 bats
  5 endoplasms
  3 giant cockroaches
  3 goblins (D:1)
  6 hobgoblins
  3 jackals (D:2)
  4 quokkas
  4 ball pythons
  3 frilled lizards
  A kobold (D:2)
  2 rats (D:2)
46 creatures vanquished.

Notes
Turn   | Place    | Note
-------+----------+-------------------------------------------
     0 | D:1      | siradein the Merfolk Transmuter began the quest for the
                  | Orb.
     0 | D:1      | Reached XP level 1. HP: 15/15 MP: 3/3
   372 | D:1      | Reached XP level 2. HP: 21/21 MP: 3/5
   376 | D:1      | Learned a level 2 spell: Wereblood
   912 | D:1      | Reached XP level 3. HP: 19/26 MP: 4/6
   916 | D:1      | Learned a level 3 spell: Spider Form
  2094 | D:2      | Reached XP level 4. HP: 28/33 MP: 5/7
  2572 | D:3      | Found a shimmering blue altar of Sif Muna.
  2581 | D:3      | Noticed Jessica
  2607 | D:3      | Killed Jessica
  2608 | D:3      | Reached skill level 1 in Poison Magic
  2917 | D:3      | You fall into a shaft and drop 2 floors!
  2917 | D:5      | Entered Level 5 of the Dungeon
  2961 | D:5      | Reached skill level 4 in Unarmed Combat
  2961 | D:5      | Reached XP level 5. HP: 29/38 MP: 8/8
  3054 | D:5      | Killed from afar by a white imp

Illustrated notes

Levels and vault maps discovered:
D:1:      sevenhm_arrival_forest_fort_large_1, layout_loops_cross
D:2:      layout_loops_corners, minmay_misc_feat_ornament, grunt_ministairs_13,
          minmay_tripent
D:3:      layout_basic, lemuel_tele_altar, uniq_jessica, uniq_robin
D:5:      layout_loops_ring, minmay_temple_entry_offerings

Skill      XL: |  1  2  3  4 |
---------------+-------------+-----
Transmutations | 3 |  3.7
Dodging        | 3 |  3.7
Fighting       | 2 |  2.2
Poison Magic   | 1 |  1.4
Unarmed Combat | 4 |  4.0
Spellcasting   | |  2.6

Action                   |  1- 3 |  4- 6 || total
-------------------------+-------+-------++-------
Melee: Unarmed           |    17 |     8 ||    25
       Headbutt          |    18 |     6 ||    24
       Punch             |     3 |       ||     3
       Short sword       |   110 |    24 ||   134
 Cast: Beastly Appendage |    30 |     6 ||    36
       Spider Form       |       |     2 ||     2
 Stab: Sleeping          |     2 |       ||     2
Armor: Robe              |    21 |     8 ||    29
Dodge: Dodged            |    86 |    24 ||   110

Table legend: (Time is in decaauts)
 A = Elapsed time spent in this place.
 B = Non-inter-level travel time spent in this place.
 C = Inter-level travel time spent in this place.
 D = Time resting spent in this place.
 E = Time spent auto-exploring this place.
 F = Levels seen in this place.
 G = Mean time per level.
                   A        B        C        D        E       F      G
               +--------+--------+--------+--------+--------+-----+--------+
         Total |   3049 |   2974 |     75 |      7 |   2523 |   4 |  762.2 |
       Dungeon |   3049 |   2974 |     75 |      7 |   2523 |   4 |  762.2 |
               +--------+--------+--------+--------+--------+-----+--------+

Top non-repeatable levels by time:
     D:2: 1267 daAuts
     D:1: 1254 daAuts
     D:3: 389 daAuts
     D:5: 137 daAuts
